 Dungeon Crawl Stone Soup version 0.29-a0-271-gd4eb659eea (webtiles) character file.

Game seed: 5726800705190538641

41 spaghetti the Digger (level 3, -5/28 HPs)
             Began as a Naga Earth Elementalist on Mar 8, 2022.
             Slain by Terence
             ... wielding a +0 falchion
              (9 damage)
             ... on level 2 of the Dungeon.
             The game lasted 00:02:06 (1497 turns).

spaghetti the Digger (Naga Earth Elementalist)      Turns: 1497, Time: 00:02:07

Health: -5/28      AC:  2    Str: 10    XL:     3   Next: 52%
Magic:  2/7        EV:  9    Int: 17    God:
Gold:   94         SH:  0    Dex: 11    Spells: 6/7 levels left

rFire   . . .      SeeInvis +   e - +0 club {mace}
rCold   . . .      Faith    .   (no shield)
rNeg    . . .      Spirit   .   b - +0 robe
rPois   +          Reflect  .   (no helmet)
rElec   .          Harm     .   (no cloak)
rCorr   +          Rampage  .   (no gloves)
Will    .....                   (no barding)
Stlth   ++........              (no amulet)
HPRegen 0.09/turn               k - ring of resist corrosion
MPRegen 0.10/turn               (no ring)

@: short of breath, very slightly contaminated, very slow
A: AC +1, large, see invisible, deformed body, poison resistance, slowness 2,
spit poison 1, naga tail 1
a: Spit Poison


You were on level 2 of the Dungeon.
You visited 1 branch of the dungeon, and saw 2 of its levels.

You collected 94 gold pieces.


Innate Abilities, Weirdness & Mutations

Your serpentine skin is tough. (AC +1)
You have supernaturally acute eyesight. (SInv)
Armour fits poorly on your strangely shaped body.
Your system is resistant to poisons. (rPois)
You cover ground very slowly.
You can spit poison.
You have a snake-like lower body.


   Skills:
 - Level 1.5 Dodging
 - Level 3.0 Stealth
 + Level 2.6 Spellcasting
 - Level 1.0 Transmutations
 - Level 4.0 Earth Magic


You had 6 spell levels left.
You knew the following spells:

 Your Spells              Type           Power      Damage    Failure   Level
a - Sandblast             Erth           30%        2d9       3%          1

Your spell library contained the following spells:

 Spells                   Type           Power      Damage    Failure   Level
 Passwall                 Tmut/Erth      8%         N/A       10%         2
 Stone Arrow              Conj/Erth      18%        3d8       24%         3
 Portal Projectile        Hex/Tloc       4%         N/A       50%         3
 Petrify                  Tmut/Erth      10%        N/A       54%         4
 Blade Hands              Tmut           2%         N/A       97%         5
 Excruciating Wounds      Necr           1%         N/A       99%         5

Inventory:

Hand Weapons
 e - a +0 club (weapon) {mace}
   (You found it on level 1 of the Dungeon)
Missiles
 a - 58 stones {throwing}
 i - 6 poisoned darts {throwing}
Armour
 b - a +0 robe (worn)
Jewellery
 k - a ring of resist corrosion (left hand)
   (You found it on level 2 of the Dungeon)
Scrolls
 d - a scroll of identify {@r1}
 f - 2 scrolls of torment {unknown}
 h - a scroll of vulnerability {!r!r}
 l - a scroll of acquirement {unknown}
Potions
 c - 2 potions of magic
 g - a potion of brilliance {unknown}
 j - a potion of might {unknown}

Dungeon Overview and Level Annotations

Branches:
Dungeon (2/15)

Altars:
Qazlal

Annotations:
D:2 Terence

.∩.# ...# ...# #.#
._.# #.# # ...###
#.# .# ......
#.#..# ..#### ....
# ..#
...#######.##.#.#
+##
#.......@@......#
##########.##.#.
#......# #.######
#.# ### #.#
..#######.#
#####.#.......####
....#>#.####.....#


You could see Terence (poisoned).


Message History

You open the door.
There is an open door here.
Key pressed, stopping explore.
You see here a +0 whip {mace}.
A bat comes into view.
The bat hits you but does no damage. x2
The blast of sand hits the bat!
You kill the bat! 😎 MP[-1]
You lost 1 mp, and now have 5/6 mp.
You can't see any susceptible monsters within range! (Use Z to cast anyway.)
Found a stone staircase leading down.
You see here a bat corpse. 😎 MP[+1]
Your mp is fully restored (6).
You now have 94 gold pieces (gained 7).
An endoplasm comes into view.
An endoplasm is nearby!
An endoplasm is nearby!
An endoplasm is nearby!
You miscast Sandblast.
You are very lightly contaminated with residual magic.
Nothing appears to happen.
The endoplasm quivers. 😎 MP[-1]
You lost 1 mp, and now have 5/6 mp.
Found a stone staircase leading down.
The endoplasm hits you.
There is a stone staircase leading down here. 😕 HP[-1]
You take 1 damage, and now have 27/28 hp.
The blast of sand hits the endoplasm!
You kill the endoplasm! 😕 MP[-1]
You lost 1 mp, and now have 4/6 mp.
Your magical contamination has completely faded away.
A hobgoblin comes into view. 😎 HP[+1] MP[+2]
Your hp is fully restored (28).
Your mp is fully restored (6).
A hobgoblin is nearby!
A hobgoblin is nearby!
Found a chain mail.
Found a stormy altar of Qazlal.
The hobgoblin shouts!
The blast of sand misses the hobgoblin. 😎 MP[-1]
You lost 1 mp, and now have 5/6 mp.
The blast of sand hits the hobgoblin!
You kill the hobgoblin! 😎 MP[-1]
You can't see any susceptible monsters within range! (Use Z to cast anyway.)
l - a scroll labelled LIRPHA KIDA 😎 MP[+3]
Your mp is fully restored (7).
m - a scroll labelled ORINIO AMEF Key pressed, stopping explore.
Terence the Incautious comes into view.
He is wielding a +0 falchion.
Terence shouts!
Blink to where?
Press: ? - help, Dir - move target
As you read the scroll labelled ORINIO AMEF, it crumbles to dust.
It was a scroll of blinking.
The blast of sand hits Terence. 😎 MP[-1]
You lost 1 mp, and now have 6/7 mp.
The blast of sand hits Terence. 😎 MP[-1]
You lost 1 mp, and now have 5/7 mp.
The blast of sand hits Terence.
Terence hits you with a +0 falchion! 😮 HP[-10] MP[-1]
You take 10 damage, and now have 18/28 hp.
MASSIVE DAMAGE!! (PAUSE)
You lost 1 mp, and now have 4/7 mp.
You are too injured to fight recklessly!
Aiming: Spit Poison (2% risk of failure)
Press: ? - help, Shift-Dir - straight line, f/p - Terence
Aim: Terence, wielding a +0 falchion and wearing a +0 scale mail (heavily wounded, 65% to hit)
The splash of poison hits Terence.
Terence is poisoned.
Terence hits you with a +0 falchion!
* * * LOW HITPOINT WARNING * * *
😨 HP[-7]
You take 7 damage, and now have 11/28 hp.
MASSIVE DAMAGE!! (PAUSE)
Aiming: Sandblast (safe; 3% risk of failure)
Press: ? - help, Q - select action, (/) - cycle Shift-Dir - straight line, f/p - Terence
Aim: Terence, wielding a +0 falchion and wearing a +0 scale mail (almost dead, poisoned, 82% to hit)
You miscast Sandblast.
You are very lightly contaminated with residual magic.
Nothing appears to happen.
Terence screams, "I'm going to kill you!"
Terence hits you with a +0 falchion!
* * * LOW HITPOINT WARNING * * *
😱 HP[-7] MP[-1]
You take 7 damage, and now have 4/28 hp.
MASSIVE DAMAGE!! (PAUSE)
You lost 1 mp, and now have 3/7 mp.
Aiming: Sandblast (safe; 3% risk of failure)
Press: ? - help, Q - select action, (/) - cycle Shift-Dir - straight line, f/p - Terence
Aim: Terence, wielding a +0 falchion and wearing a +0 scale mail (almost dead, poisoned, 82% to hit)
The blast of sand hits Terence but does no damage.
Terence hits you with a +0 falchion!
You die...

Skill      XL: |  1  2  3 |
---------------+----------+-----
Earth Magic    | 4 |  4.0
Dodging        | |  1.5
Stealth        | |  3.0
Spellcasting   | |  2.6
Transmutations | |  1.0

Action                   || total
-------------------------++-------
Melee: Club              ||     1
 Cast: Sandblast         ||    40
 Abil: Spit Poison       ||     1
  Use: Scroll            ||     2
Armor: Robe              ||     7
Dodge: Dodged            ||     6

Levels and vault maps discovered:
D:1:      dpeg_arrival_houses_and_road, layout_loops_ring
D:2:      layout_basic, basic_altar, hellmonk_ecumenical_altar_arch_garden,
          uniq_terence, uniq_crazy_yiuf_cottage

Notes
Turn   | Place    | Note
-------+----------+-------------------------------------------
     0 | D:1      | spaghetti the Naga Earth Elementalist began the quest for
                  | the Orb.
     0 | D:1      | Reached XP level 1. HP: 15/15 MP: 3/3
     0 | D:1      | magus.rc [v1.9.6]
   168 | D:1      | Reached XP level 2. HP: 20/22 MP: 3/5
   716 | D:1      | You pick up a book of Weapons and begin reading...
   716 | D:1      | You add the spells Portal Projectile, Excruciating Wounds
                  | and Blade Hands to your library.
   844 | D:1      | Reached XP level 3. HP: 28/28 MP: 4/6
   992 | D:2      | Found a faded altar of an unknown god.
  1005 | D:2      | Reached skill level 4 in Earth Magic
  1320 | D:2      | Found a stormy altar of Qazlal.
  1489 | D:2      | Noticed Terence
  1496 | D:2      | HP: 4/28 [Terence/+0 falchion (7)]
  1497 | D:2      | Slain by Terence

Vanquished Creatures
  An adder (D:2)
  2 dart slugs (D:1)
  2 ball pythons (D:1)
  4 endoplasms
  A giant cockroach (D:1)
  A goblin (D:1)
  3 hobgoblins
  5 bats
  2 frilled lizards
  4 kobolds
  3 rats (D:1)
28 creatures vanquished.

Table legend:
 A = Non-vault XP
 B = Vault XP
 C = Vault XP percentage of total XP
 D = Non-vault monster count
 E = Vault monster count
 F = Vault count percentage of total count
                 A         B        C        D         E       F
            +---------+---------+-------+---------+---------+-------
      Total |      59 |       0 |   0.0 |      28 |       0 |   0.0
            +---------+---------+-------+---------+---------+-------
        D:1 |      34 |       0 |   0.0 |      20 |       0 |   0.0
        D:2 |      25 |       0 |   0.0 |       8 |       0 |   0.0
            +---------+---------+-------+---------+---------+-------

Illustrated notes

Table legend:
 A = Kills in this place as a percentage of kills in entire the game.
 B = Kills by you in this place as a percentage of kills by you in the entire game.
 C = Kills by friends in this place as a percentage of kills by friends in the entire game.
 D = Other kills in this place as a percentage of other kills in the entire game.
 E = Experience gained in this place as a percentage of experience gained in the entire game.
 F = Experience gained in this place divided by the number of levels of this place that you have seen.
                   A       B       C       D       E      F
               +-------+-------+-------+-------+-------+----------------------
         Total | 100.0 | 100.0 |   N/A |   N/A | 100.0 |  29.5
       Dungeon | 100.0 | 100.0 |   N/A |   N/A | 100.0 |  29.5
               +-------+-------+-------+-------+-------+----------------------

Table legend: (Time is in decaauts)
 A = Elapsed time spent in this place.
 B = Non-inter-level travel time spent in this place.
 C = Inter-level travel time spent in this place.
 D = Time resting spent in this place.
 E = Time spent auto-exploring this place.
 F = Levels seen in this place.
 G = Mean time per level.
                   A        B        C        D        E       F      G
               +--------+--------+--------+--------+--------+-----+--------+
         Total |   1909 |   1867 |     42 |     59 |   1640 |   2 |  954.5 |
       Dungeon |   1909 |   1867 |     42 |     59 |   1640 |   2 |  954.5 |
               +--------+--------+--------+--------+--------+-----+--------+

Top non-repeatable levels by time:
     D:1: 1258 daAuts
     D:2: 650 daAuts
